 Dungeon Crawl Stone Soup version 0.25.1-2-g60ff931df9 (webtiles) character file.

Game seed: 8659685452575504084

11599 pokeman the Thaumaturge (level 11, -2/61 HPs)
             Began as a Deep Elf Wizard on Oct 5, 2020.
             Was a Believer of Vehumet.
             Killed by the air
             ... invoked by Gastronok
              (31 damage)
             ... on level 2 of the Lair of Beasts.
             The game lasted 00:34:46 (15707 turns).

pokeman the Thaumaturge (Deep Elf Wizard)          Turns: 15707, Time: 00:34:47

Health: -2/61      AC:  5    Str:  4    XL:     11   Next: 51%
Magic:  11/31      EV: 12    Int: 27    God:    Vehumet [**....]
Gold:   490        SH:  0    Dex: 13    Spells: 27/38 levels left

rFire    . . .     SeeInvis .   n - -1 club (curse)
rCold    . . .     Gourm    .   (no shield)
rNeg     . . .     Faith    .   y - +0 leather armour
rPois    +         Spirit   .   e - +2 hat
rElec    .         Reflect  .   (no cloak)
rCorr    .         Harm     .   (no gloves)
MR       +....                  (no boots)
Stlth    ++........             (no amulet)
HPRegen  0.20/turn              N - ring of wizardry
MPRegen  0.22/turn              B - ring of poison resistance

@: no status effects
A: no striking features
a: Renounce Religion


You were on level 2 of the Lair of Beasts.
You worshipped Vehumet.
Vehumet was pleased with you.
You were not hungry.

You visited 3 branches of the dungeon, and saw 13 of its levels.

You collected 490 gold pieces.

Inventory:

Hand Weapons
 n - a cursed -1 club (weapon)
 D - a +2 spear of venom
Missiles
 q - 117 bolts
 r - 5 curare-tipped darts (quivered)
Armour
 e - a +2 hat (worn)
 y - a +0 leather armour (worn)
 O - a +2 buckler
Magical Staves
 G - an uncursed staff of death {unknown}
 Q - an uncursed staff of cold
Jewellery
 h - a +4 ring of evasion
 B - a ring of poison resistance (right hand)
 F - an uncursed ring of flight
 N - a ring of wizardry (left hand)
Wands
 p - a wand of flame (46)
 E - a wand of random effects (30)
 R - a wand of paralysis (7)
Scrolls
 c - 8 scrolls of remove curse {unknown}
 g - 18 scrolls of identify {unknown}
 i - 3 scrolls of enchant weapon {unknown}
 j - 8 scrolls of teleportation {unknown}
 s - 2 scrolls of immolation {unknown}
 u - a scroll of blinking {unknown}
 v - 3 scrolls of amnesia {unknown}
 x - 3 scrolls of magic mapping {unknown}
 z - a scroll of silence {unknown}
 A - 2 scrolls of enchant armour {unknown}
 L - a scroll of random uselessness {unknown}
Potions
 a - a potion of berserk rage {unknown}
 b - 3 potions of degeneration {unknown}
 f - 2 potions of haste {unknown}
 k - 3 potions of cancellation {unknown}
 l - 2 potions of lignification {unknown}
 m - 4 potions of might
 o - a potion of heal wounds {unknown}
 t - 3 potions of curing {unknown}
 w - a potion of flight {unknown}
 C - a potion of magic {unknown}
 H - a potion of experience {unknown}
 I - a potion of stabbing {unknown}
 J - a potion of mutation {unknown}
 M - a potion of brilliance {unknown}
Miscellaneous
 K - a lightning rod (2/4)
Comestibles
 d - 18 rations


   Skills:
 - Level 4.2 Fighting
 - Level 4.0 Armour
 - Level 3.0 Dodging
 - Level 3.2 Stealth
 + Level 0.0 Shields
 * Level 14.1 Spellcasting
 * Level 11.4 Conjurations
 - Level 1.1 Summonings
 - Level 1.1 Translocations
 + Level 7.1 Fire Magic
 - Level 2.0 Air Magic
 - Level 1.0 Poison Magic
 - Level 2.0 Evocations


You had 27 spell levels left.
You knew the following spells:

 Your Spells              Type           Power        Failure   Level  Hunger
a - Magic Dart            Conj           ####         1%          1    None
b - Mephitic Cloud        Conj/Pois/Air  #####...     1%          3    None
c - Call Imp              Summ           ####....     1%          2    None
d - Blink                 Tloc           N/A          1%          2    None
e - Conjure Flame         Conj/Fire      ######..     1%          3    None

Your spell library contained the following spells:

 Spells                   Type           Power        Failure   Level  Hunger
 Searing Ray              Conj           ######       1%          2    None
 Corona                   Hex            ###....      1%          1    None
 Pain                     Necr           ###.         1%          1    None
 Corpse Rot               Necr/Air       N/A          1%          2    None
 Dazzling Flash           Conj/Hex       #####.       1%          3    None
 Ensorcelled Hibernation  Hex/Ice        ###...       2%          2    None
 Slow                     Hex            ###.....     2%          2    None
 Confusing Touch          Hex            ###.....     6%          3    None
 Tukima's Dance           Hex            ###.....     6%          3    None
 Summon Ice Beast         Ice/Summ       ###.....     16%         4    None
 Metabolic Englaciation   Hex/Ice        ###.......   45%         5    #......


Dungeon Overview and Level Annotations

Branches:
Dungeon (10/15)            Temple (1/1) D:7            Lair (2/6) D:9
  Swamp: Lair:2-4    Shoals: Lair:2-4     Snake: Lair:2-4    Spider: Lair:2-4
    Orc: D:9-12

Altars:
Ashenzari
Cheibriados
Elyvilon
Fedhas
Kikubaaqudgha
Makhleb
Nemelex Xobeh
Okawaru
Ru
Sif Muna
Trog
Vehumet
Wu Jian
Xom
Yredelemnul
Zin
The Shining One

Annotations:
Lair:2 Gastronok


Message History

a +2 robe of positive energy; a +2 dagger of venom; a kite shield
Casting: Conjure Flame (safe; 1% risk of failure)
Confirm with . or Enter, or press ? or * to list all spells.
The fire begins to smolder!
Gastronok is engulfed in blazing flames.
The fire ignites!
Casting: Conjure Flame (safe; 1% risk of failure)
Confirm with . or Enter, or press ? or * to list all spells.
The fire begins to smolder!
Gastronok is engulfed in blazing flames.
Gastronok waves his eye-stalks in wide circles.
The air twists around and strikes you!!
Ouch! That really hurt!
The fire ignites!
Gastronok is engulfed in blazing flames.
Gastronok is engulfed in blazing flames.
Gastronok waves his eye-stalks in wide circles.
The air twists around and strikes you!!
Ouch! That really hurt!
You die...

#P........## #...<...#
...w..#..#.# #.......#
##...####### ##......#
#5.## ######...#### ##.#
#............# #..##
#...........## ###.P###
###...........#
#P#..#.#####..........>..#
.........w§§§§§.@<.......P#
..#.P###..#.#............##
###...#...###............#
# ###..#### #............#
##.# ##.##P....#### #.#
####....### ######+####
#.+###P### #.o.......#
#......... '.........#
##........#


You could see Gastronok (swift).

Vanquished Creatures
  Erolcha (D:9)
  Fannar (Lair:2)
  A two-headed ogre (D:10)
  Nergalle (Lair:2)
  Pikel (D:4)
  A torpor snail (Lair:2)
  A spiny frog (Lair:2)
  A rime drake (Lair:1)
  2 komodo dragons
  A troll (D:10)
  Grinder (D:3)
  5 blink frogs (Lair:2)
  A hippogriff (D:7)
  Sigmund (D:2)
  10 yaks
  A spriggan (D:7)
  A hungry ghost (D:6)
  A steam dragon (D:10)
  Grum (D:9)
  A water moccasin (Lair:1)
  Duvessa (D:4)
  A porcupine (Lair:2)
  An orc warrior (D:10)
  2 ice beasts
  A phantom (D:8)
  3 slaves (D:4)
  3 ogres (D:5)
  4 wolves (D:9)
  2 centaurs
  A crocodile (Lair:2)
  7 bullfrogs
  A gnoll sergeant (D:6)
  Dowan (D:4)
  2 scorpions
  2 howler monkeys
  2 centaur zombies
  2 crimson imps (D:7)
  4 hounds
  3 jellies
  4 bullfrog skeletons
  2 orc priests
  8 orc wizards
  4 iguanas
  3 worker ants
  A hound zombie (D:6)
  A worker ant zombie (D:6)
  Robin (D:2)
  10 gnolls
  16 adders
  4 shadow imps
  2 oozes
  2 adder skeletons
  2 worms
  4 dart slugs
  5 leopard geckos
  20 orcs
  2 ball pythons (D:5)
  3 giant cockroaches
  6 hobgoblins
  10 jackals
  5 kobolds
  3 quokkas
  6 bats
  3 frilled lizards
  14 goblins
  A leopard gecko zombie (D:8)
  A quokka zombie (D:10)
  4 rats
  A fungus (Lair:2)
  A plant (Lair:2)
226 creatures vanquished.

Vanquished Creatures (collateral kills)
  An ice beast (D:9)
  A jelly (D:6)
  A gnoll (D:6)
  2 orcs (D:6)
5 creatures vanquished.

Vanquished Creatures (others)
  2 plants (Lair:2)
2 creatures vanquished.

Grand Total: 233 creatures vanquished

Notes
Turn   | Place    | Note
-------+----------+-------------------------------------------
     0 | D:1      | pokeman the Deep Elf Wizard began the quest for the Orb.
     0 | D:1      | Reached XP level 1. HP: 10/10 MP: 7/7
   230 | D:1      | Reached XP level 2. HP: 16/16 MP: 3/9
   844 | D:2      | Reached skill level 5 in Spellcasting
   905 | D:2      | Reached XP level 3. HP: 14/20 MP: 1/11
   920 | D:1      | Learned a level 3 spell: Mephitic Cloud
   923 | D:1      | Learned a level 2 spell: Call Imp
   926 | D:1      | Learned a level 2 spell: Blink
   930 | D:1      | Learned a level 3 spell: Conjure Flame
  1035 | D:2      | Noticed Sigmund
  1241 | D:2      | Noticed Robin
  1248 | D:2      | Killed Robin
  1248 | D:2      | Reached skill level 1 in Fighting
  1248 | D:2      | Reached skill level 1 in Armour
  1425 | D:2      | Reached XP level 4. HP: 25/25 MP: 11/13
  1471 | D:2      | Killed Sigmund
  1471 | D:2      | Reached skill level 6 in Spellcasting
  1471 | D:2      | Reached XP level 5. HP: 7/30 MP: 8/16
  1890 | D:2      | Found a basalt altar of Yredelemnul.
  2016 | D:2      | Reached XP level 6. HP: 35/35 MP: 14/17
  2853 | D:3      | Noticed Grinder
  2879 | D:3      | Killed Grinder
  2879 | D:3      | Reached skill level 7 in Spellcasting
  2879 | D:3      | Reached skill level 1 in Evocations
  2879 | D:3      | Reached XP level 7. HP: 19/40 MP: 3/20
  3611 | D:4      | Noticed Dowan
  3612 | D:4      | Noticed Duvessa
  3651 | D:4      | Killed Dowan
  4094 | D:4      | Killed Duvessa
  4094 | D:4      | Reached skill level 8 in Spellcasting
  4199 | D:4      | Reached skill level 1 in Poison Magic
  4209 | D:4      | Noticed Pikel
  4540 | D:4      | Killed Pikel
  4540 | D:4      | Reached skill level 9 in Spellcasting
  4540 | D:4      | Reached skill level 5 in Conjurations
  4540 | D:4      | Reached skill level 1 in Fire Magic
  4540 | D:4      | Reached skill level 1 in Air Magic
  4540 | D:4      | Reached XP level 8. HP: 15/44 MP: 7/23
  5331 | D:5      | Entered Level 5 of the Dungeon
  6174 | D:5      | Reached skill level 10 in Spellcasting
  6658 | D:6      | Reached XP level 9. HP: 25/49 MP: 16/25
  7194 | D:6      | Identified Hops's Compendium of Freezing Black Arts
  7389 | D:6      | You fall into a shaft and drop 2 floors!
  7438 | D:7      | Found a staircase to the Ecumenical Temple.
  7449 | Temple   | Entered the Ecumenical Temple
  7463 | Temple   | Became a worshipper of Vehumet
  8577 | D:7      | Reached skill level 11 in Spellcasting
  9851 | D:8      | Reached * piety under Vehumet
  9851 | D:8      | Offered knowledge of Sandblast by Vehumet.
  9999 | D:9      | Noticed Grum
 10007 | D:9      | Noticed Erolcha
 10008 | D:9      | Killed Grum
 10019 | D:9      | Reached XP level 10. HP: 54/56 MP: 14/27
 10332 | D:9      | Reached skill level 5 in Fire Magic
 10351 | D:9      | Found a staircase to the Lair.
 10465 | D:9      | Reached skill level 12 in Spellcasting
 10582 | D:9      | Killed Erolcha
 11495 | Lair:1   | Entered Level 1 of the Lair of Beasts
 11502 | D:10     | Entered Level 10 of the Dungeon
 11556 | D:10     | Reached skill level 10 in Conjurations
 11700 | D:10     | Offered knowledge of Searing Ray by Vehumet.
 11741 | D:10     | Noticed a two-headed ogre
 11749 | D:10     | Reached ** piety under Vehumet
 11768 | D:10     | Killed a two-headed ogre
 11768 | D:10     | Reached skill level 13 in Spellcasting
 12035 | D:10     | Found a white marble altar of Elyvilon.
 12307 | D:10     | Noticed a gargoyle
 12464 | Lair:1   | Reached XP level 11. HP: 38/60 MP: 11/30
 13370 | Lair:2   | Noticed Fannar
 13370 | Lair:2   | Noticed a death yak
 13370 | Lair:2   | Noticed a death yak
 13906 | Lair:2   | Noticed Nergalle
 14626 | Lair:2   | Killed Fannar
 14977 | Lair:2   | Noticed a spectral orc warlord
 15167 | Lair:2   | Killed Nergalle
 15167 | Lair:2   | Reached skill level 14 in Spellcasting
 15427 | Lair:2   | Noticed Gastronok
 15707 | Lair:2   | Killed from afar by Gastronok

Illustrated notes

Levels and vault maps discovered:
D:1:      roderic_crossed_star, layout_basic
D:2:      layout_rooms, lemuel_coloured_pillars_altar, uniq_sigmund, uniq_robin
D:3:      layout_loops_ring, uniq_grinder
D:4:      layout_loops_corners, first_ration, serial_forest,
          infiniplex_forest_clump_medium, infiniplex_forest_clump_medium,
          infiniplex_forest_fountain, infiniplex_forest_join,
          infiniplex_forest_straight_2, infiniplex_forest_end_1,
          infiniplex_forest_clump_double, uniq_duvessa, uniq_pikel
D:5:      layout_loops_ring, hex_large, saegor_snake_ambush
D:6:      layout_rooms
D:7:      layout_basic, minmay_temple_entry_grid, the_bakery
D:8:      layout_rooms
D:9:      layout_basic, lair_entry_dummy, nicolae_two_hexagons, uniq_erolcha,
          uniq_grum
D:10:     layout_loops_ring, basic_altar
Temple:   dpeg_three_leaves_temple
Lair:1:   layout_cave_pods
Lair:2:   layout_roguey, beast_lair_carwin_6, uniq_gastronok, uniq_fannar,
          uniq_nergalle

Skill      XL: |  1  2  3  4  5  6  7  8  9 10 11 |
---------------+----------------------------------+-----
Spellcasting   | 5 6 7 9 10 11 13 14 | 14.1
Fighting       | 1 2 3 4 |  4.2
Armour         | 1 2 3 4 |  4.0
Conjurations   | 2 4 5 7 8 10 11 | 11.4
Stealth        | 3 |  3.2
Evocations     | 1 2 |  2.0
Dodging        | 3 |  3.0
Poison Magic   | 1 |  1.0
Fire Magic     | 1 3 4 6 7 |  7.1
Air Magic      | 1 2 |  2.0
Summonings     | |  1.1
Translocations | |  1.1

Action                   |  1- 3 |  4- 6 |  7- 9 | 10-12 || total
-------------------------+-------+-------+-------+-------++-------
Melee: Unarmed           |    31 |       |       |       ||    31
       Club              |     6 |     3 |    70 |    90 ||   169
 Cast: Magic Dart        |    79 |   101 |   410 |   167 ||   757
       Mephitic Cloud    |       |     1 |    29 |    45 ||    75
       Conjure Flame     |       |     1 |    21 |    68 ||    90
       Call Imp          |       |       |     1 |    25 ||    26
       Blink             |       |       |     1 |     6 ||     7
Evoke: Wand              |       |       |       |     3 ||     3
       Lightning rod     |       |       |       |     3 ||     3
 Stab: Confused          |       |       |    13 |     7 ||    20
  Eat: Chunk             |     1 |     5 |    18 |     8 ||    32
       Ration            |       |       |     1 |     3 ||     4
Armor: Robe              |    19 |     5 |       |       ||    24
       Leather armour    |       |       |    25 |    27 ||    52
Dodge: Dodged            |    57 |    24 |   140 |    89 ||   310
